 Dungeon Crawl Stone Soup version 0.21.1-1-g345015f (webtiles) character file.

96 shakethe the Chopper (level 4, -5/52 HPs)
             Began as a Human Berserker on Feb 5, 2018.
             Was a Believer of Trog.
             Slain by Sigmund
             ... wielding a +2 antimagic scythe
              (7 damage)
             ... on level 2 of the Dungeon.
             The game lasted 00:04:28 (1428 turns).

shakethe the Chopper (Human Berserker)              Turns: 1428, Time: 00:04:28

Health: -5/52      AC:  7    Str: 23    XL:     4   Next: 98%
Magic:  2/13       EV: 11    Int:  7    God:    Trog [**....]
Gold:   137        SH:  0    Dex: 13    Spells: 3/3 levels left

rFire    . . .     SeeInvis .   a - +0 hand axe
rCold    . . .     Gourm    .   (no shield)
rNeg     . . .     Faith    .   i - +0 scale mail
rPois    .         Spirit   .   n - +0 helmet
rElec    .         Reflect  .   (no cloak)
rCorr    .         Harm     .   (no gloves)
MR       ++...                  (no boots)
Stlth    ..........             (no amulet)
HPRegen  1.17/turn              j - ring of magical power
MPRegen  0.13/turn              (no ring)

@: berserking (expiring), starving, regenerating, very quick
A: no striking features
a: Berserk, Trog's Hand, Burn Spellbooks, Renounce Religion


You were on level 2 of the Dungeon.
You worshipped Trog.
Trog was pleased with you.
You were starving.

You visited 1 branch of the dungeon, and saw 2 of its levels.

You collected 137 gold pieces.

Inventory:

Hand Weapons
 a - a +0 hand axe (weapon)
 d - a cursed -2 short sword
Armour
 b - a +0 animal skin
 i - a +0 scale mail (worn)
 n - a +0 helmet (worn)
Jewellery
 j - a ring of magical power (left hand)
Scrolls
 e - a scroll of random uselessness {unknown}
 f - a scroll of magic mapping {unknown}
 g - 5 scrolls of identify {unknown}
 k - a scroll of remove curse {unknown}
 l - a scroll of fear {unknown}
 m - a scroll of fog {unknown}
Potions
 h - 2 potions of curing {unknown}
 p - a potion of agility {unknown}
 q - a potion of invisibility {unknown}
 r - a potion of flight {unknown}
Comestibles
 c - 3 rations
 o - 7 chunks of flesh


   Skills:
 - Level 3.0 Fighting
 + Level 4.2 Axes
 + Level 2.6 Throwing
 - Level 2.0 Armour
 - Level 2.0 Dodging


You had 3 spell levels left.
You didn't know any spells.

Dungeon Overview and Level Annotations

Branches:
Dungeon (2/15)

Altars:
Sif Muna
Xom

Annotations:
D:2 Sigmund


Message History

Something hits you!
* * * LOW HITPOINT WARNING * * *
You feel your power leaking away.
You closely miss something.
You are starving!
You hit something. Something hits you.
* * * LOW HITPOINT WARNING * * *
You feel your power leaking away.
You slash something! You barely miss something. Something hits you!
* * * LOW HITPOINT WARNING * * *
You feel your power leaking away.
You hit something. You hit something.
You hear some strange, mumbled words.
A magic dart appears from out of thin air!
The magic dart hits you!
* * * LOW HITPOINT WARNING * * *
You miss something. Something hits you!
You die...

....... #.........
.......## #......... ..
#....# #.........
...#....######....$....
......(....{)(.........
........######.........
.###....######.........
>..........{.#.........
############@#..)......
#.########.# #.## .# .#
#..# .# ##.# ###.
.########## #.## #...#
..........#
#####[.####...#
...)......#
#.........#...#
..........#
#.........#...#######


There were no monsters in sight!

Vanquished Creatures
  Robin (D:1)
  4 adders (D:2)
  2 dart slugs
  2 leopard geckos
  3 hobgoblins
  2 jackals (D:1)
  7 bats
  2 frilled lizards (D:1)
  14 goblins
  4 kobolds
  3 rats
44 creatures vanquished.

Notes
Turn   | Place    | Note
-------+----------+-------------------------------------------
     0 | D:1      | shakethe the Human Berserker began the quest for the Orb.
     0 | D:1      | Reached XP level 1. HP: 18/18 MP: 1/1
   168 | D:1      | Reached XP level 2. HP: 20/24 MP: 2/2
   285 | D:1      | Reached skill level 1 in Throwing
   757 | D:2      | Reached XP level 3. HP: 29/29 MP: 3/3
   765 | D:2      | Reached ** piety under Trog
   769 | D:2      | Noticed Robin
   778 | D:2      | Reached XP level 4. HP: 29/35 MP: 4/4
   805 | D:1      | Killed Robin
   805 | D:1      | Reached skill level 4 in Axes
  1209 | D:2      | Found a deep blue altar of Sif Muna.
  1325 | D:2      | Found a shimmering altar of Xom.
  1393 | D:2      | Noticed Sigmund
  1427 | D:2      | HP: 1/52 [something/magic dart (6)]
  1428 | D:2      | Slain by Sigmund

Skill      XL: |  1  2  3  4 |
---------------+-------------+-----
Throwing       | 1 2 |  2.6
Axes           | 4 |  4.2
Fighting       | |  3.0
Armour         | |  2.0
Dodging        | |  2.0

Action                   |  1- 3 |  4- 6 || total
-------------------------+-------+-------++-------
Melee: Hand axe          |    70 |    56 ||   126
Invok: Berserk           |     1 |     2 ||     3
       Trog's Hand       |       |     2 ||     2
  Eat: Chunk             |       |     3 ||     3
Armor: Animal skin       |     2 |       ||     2
       Scale mail        |    33 |    30 ||    63
Dodge: Dodged            |    50 |    31 ||    81
